 Dungeon Crawl Stone Soup version 0.23-a0-650-ga4d50d4 (webtiles) character file.

28702 Borgoz the Covert (level 13, -8/83 HPs)
             Began as a Kobold Assassin on Jan 5, 2019.
             Was an Elder of Dithmenos.
             Splashed by an oklob plant's acid (16 damage)
             ... on level 4 of the Lair of Beasts.
             The game lasted 00:41:36 (20692 turns).

Borgoz the Covert (Kobold Assassin)                Turns: 20692, Time: 00:41:37

Health: -8/83      AC:  0    Str:  8    XL:     13   Next: 75%
Magic:  19/19      EV: 22    Int: 13    God:    Dithmenos [****..]
Gold:   526        SH:  0    Dex: 25    Spells: 18/20 levels left

rFire    . . .     SeeInvis .   a - +2 dagger (venom)
rCold    . . .     Gourm    .   (shield restricted)
rNeg     . . .     Faith    .   G - +0 ring mail (curse)
rPois    .         Spirit   .   R - +0 hat {MR+}
rElec    +         Reflect  .   d - +0 cloak
rCorr    .         Harm     .   (no gloves)
MR       +....                  (no boots)
Stlth    +++++++++.             (no amulet)
HPRegen  0.23/turn              Y - ring "Ticsaps" {+Fly rElec Stlth+}
MPRegen  0.16/turn              y - +4 ring of dexterity

@: corroded, hasted, wreathed by umbra, very quick
A: small, carnivore
a: Shadow Step, Renounce Religion, Evoke Flight


You were on level 4 of the Lair of Beasts.
You worshipped Dithmenos.
Dithmenos was greatly pleased with you.
You were very full.

You visited 3 branches of the dungeon, and saw 17 of its levels.

You collected 1030 gold pieces.
You spent 504 gold pieces at shops.

Inventory:

Hand Weapons
 a - a +2 dagger of venom (weapon)
 b - a +0 blowgun
 k - a +0 dagger of electrocution
 O - a +1 short sword of freezing
 V - a +1 dagger of draining
Missiles
 A - 2 throwing nets (quivered)
 F - 54 poisoned needles
Armour
 d - a +0 cloak (worn)
 D - a +2 robe of cold resistance
 G - a cursed +0 ring mail (worn)
 R - a +0 hat of magic resistance (worn)
Jewellery
 t - an uncursed ring of resist corrosion
 x - a +4 ring of protection
 y - a +4 ring of dexterity (right hand)
 z - an uncursed ring of magical power
 K - an uncursed ring of ice
 U - an uncursed ring of protection from fire
 Y - the ring "Ticsaps" (left hand) {+Fly rElec Stlth+}
   (You bought it in a shop on level 10 of the Dungeon)

   [ring of stealth]

   It insulates you from electricity.
   It lets you fly.
   It makes you more stealthy.
Wands
 o - a wand of acid (8)
 H - a wand of disintegration (11)
Scrolls
 e - 3 scrolls of fear {unknown}
 j - 3 scrolls of teleportation
 l - 4 scrolls of enchant weapon {unknown}
 p - 3 scrolls of fog {unknown}
 q - 3 scrolls of magic mapping {unknown}
 v - 2 scrolls of amnesia {unknown}
 B - 11 scrolls of remove curse {unknown}
 C - a scroll of identify
 E - 2 scrolls of enchant armour {unknown}
 I - 3 scrolls of blinking {unknown}
 J - 2 scrolls of noise {unknown}
 N - 4 scrolls of immolation {unknown}
 Z - 2 scrolls of random uselessness {unknown}
Potions
 f - 2 potions of lignification {unknown}
 h - 2 potions of flight
 i - a potion of berserk rage {unknown}
 m - 8 potions of curing
 n - 2 potions of agility
 r - 2 potions of invisibility
 s - 2 potions of mutation {unknown}
 u - a potion of magic
 w - a potion of cancellation {unknown}
 M - 2 potions of ambrosia {unknown}
 S - 2 potions of might {unknown}
 W - 2 potions of heal wounds {unknown}
Comestibles
 g - 32 rations


   Skills:
 + Level 10.7 Fighting
 + Level 12.4 Short Blades
 - Level 2.1 Throwing
 + Level 8.0 Armour
 + Level 11.2 Dodging
 + Level 13.9 Stealth
 + Level 4.2 Spellcasting
 + Level 4.1 Hexes
 + Level 4.1 Ice Magic


You had 18 spell levels left.
You knew the following spells:

 Your Spells              Type           Power        Failure   Level  Hunger
a - Ensorcelled Hibernat  Hex/Ice        ##....       14%         2    ##.....

Your spell library contained the following spells:

 Spells                   Type           Power        Failure   Level  Hunger
 Corona                   Hex            ##.....      10%         1    None
 Confuse                  Hex            ##......     28%         3    ###....
 Tukima's Dance           Hex            ##......     28%         3    ###....
 Beastly Appendage        Tmut           #.....       45%         1    None
 Flame Tongue             Conj/Fire      #....        45%         1    None
 Sting                    Conj/Pois      #...         45%         1    None
 Summon Butterflies       Summ           #.......     45%         1    None
 Dazzling Spray           Conj/Hex       #.....       54%         3    ###....
 Inner Flame              Hex/Fire       #.......     54%         3    ###....
 Poisonous Vapours        Pois/Air       #.....       61%         2    ##.....
 Sticks to Snakes         Tmut           #.......     61%         2    ##.....
 Throw Flame              Conj/Fire      #.....       61%         2    ##.....
 Call Canine Familiar     Summ           #.......     83%         3    ###....
 Conjure Flame            Conj/Fire      #.......     83%         3    ###....
 Mephitic Cloud           Conj/Pois/Air  #.......     83%         3    ###....
 Spider Form              Tmut/Pois      #.........   83%         3    ###....
 Ice Form                 Ice/Tmut       #.......     91%         4    ####...
 Summon Ice Beast         Ice/Summ       #.......     91%         4    ####...
 Olgreb's Toxic Radiance  Pois           #.......     99%         4    ####...
 Sticky Flame             Conj/Fire      #.......     99%         4    ####...
 Summon Mana Viper        Hex/Summ       #.......     99%         5    ######.
 Blade Hands              Tmut           #.........   100%        5    ######.
 Fireball                 Conj/Fire      #.........   100%        5    ######.
 Venom Bolt               Conj/Pois      #.........   100%        5    ######.
 Summon Hydra             Summ           #.........   100%        7    #######


Dungeon Overview and Level Annotations

Branches:
Dungeon (12/15)            Temple (1/1) D:4            Lair (4/6) D:10
 Shoals (0/4) Lair:4        Snake (0/4) Lair:3          Orc (0/2) D:10

Altars:
Ashenzari
Cheibriados
Dithmenos
Elyvilon
Fedhas
Gozag
Hepliaklqana
Kikubaaqudgha
Makhleb
Nemelex Xobeh
Okawaru
Qazlal
Ru
Sif Muna
Trog
Uskayaw
Vehumet
Wu Jian
Xom
Yredelemnul
Zin
The Shining One

Shops:
D:7 }   D:10 *=

Annotations:
Lair:4 exclusion: oklob plant


Innate Abilities, Weirdness & Mutations

You are small and have problems with some larger weapons.
You are carnivorous and can eat meat at any time.


Message History

The oklob plant looks as sick as possible!
The oklob plant is moderately damaged.
You hit the oklob plant but do no damage.
The oklob plant is moderately damaged.
The oklob plant spits acid at you. The splash of acid hits you!
You are splashed with acid!
The acid burns!
You hit the oklob plant but do no damage.
The oklob plant is moderately damaged.
You hit the oklob plant but do no damage.
The oklob plant is moderately damaged.
The oklob plant spits acid at you. The splash of acid hits you!
The acid corrodes you!
You are splashed with acid!
The acid burns!
* * * LOW HITPOINT WARNING * * *
You feel yourself speed up. The oklob plant spits acid at you.
The splash of acid hits you!
* * * LOW HITPOINT WARNING * * *
The acid corrodes you!
You are splashed with acid!
The acid burns!
You die...

..P##. #....# #
#....#.# ####......
###........ #
###..@....#
..###.#.........#
......P........##
......≈...≈....#
...#≈≈≈≈.#≈..### .
##≈.#≈##≈.##
.........#≈..≈#....#
.........≈..>.≈...##
..........≈≈..#≈.##


You could see an oklob plant.

Vanquished Creatures
  Gastronok (D:8)
  Fannar (Lair:1)
  A hydra (D:11)
  Harold (D:8)
  Erica (D:8)
  A two-headed ogre (D:11)
  Pikel (D:8)
  3 deep elf magi
  Psyche (D:8)
  A black mamba (Lair:3)
  A centaur skeleton (D:11)
  2 komodo dragons
  A rime drake (Lair:4)
  7 spiny frogs
  5 trolls
  A queen bee (D:9)
  A hornet (D:7)
  11 blink frogs
  5 hippogriffs
  A wyvern (Lair:3)
  11 yaks
  A human (D:9)
  Sigmund (D:3)
  A basilisk (Lair:2)
  A wraith (D:10)
  4 hogs (D:9)
  A hungry ghost (D:9)
  Menkaure (D:4)
  3 nagas
  3 wargs (D:10)
  6 water moccasins
  4 porcupines
  3 sky beasts
  4 slaves (D:8)
  8 orc warriors
  2 ice beasts
  3 phantoms
  8 necrophages
  An eye of draining (D:11)
  6 ogres
  10 wolves
  5 centaurs
  4 crocodiles
  3 big kobolds (D:10)
  A gnoll sergeant (D:10)
  16 bullfrogs
  3 scorpions
  2 wyvern skeletons (D:7)
  34 killer bees
  4 wights (D:7)
  2 howler monkeys
  A bullfrog zombie (D:10)
  A centaur zombie (D:7)
  4 crimson imps
  6 hounds
  4 quasits
  3 jellies
  6 orc priests
  3 bullfrog skeletons
  10 orc wizards
  10 worker ants
  3 iguanas
  A killer bee zombie (D:6)
  A hound zombie (D:7)
  A worker ant zombie (D:7)
  A howler monkey skeleton (D:5)
  13 adders
  8 gnolls
  A shadow imp (D:8)
  3 worms
  A dart slug (D:3)
  2 leopard geckos (D:1)
  40 orcs
  3 giant cockroaches
  8 goblins
  3 hobgoblins
  4 jackals (D:1)
  8 kobolds
  5 quokkas
  2 ball pythons (D:3)
  7 bats
  9 frilled lizards
  2 gnoll zombies (D:3)
  3 leopard gecko zombies
  5 rats
385 creatures vanquished.

Vanquished Creatures (others)
  An orc wizard (D:6)
  A plant (Lair:3)
2 creatures vanquished.

Grand Total: 387 creatures vanquished

Notes
Turn   | Place    | Note
-------+----------+-------------------------------------------
     0 | D:1      | Borgoz the Kobold Assassin began the quest for the Orb.
     0 | D:1      | Reached XP level 1. HP: 12/12 MP: 1/1
   265 | D:1      | Reached XP level 2. HP: 18/18 MP: 2/2
   736 | D:1      | Found a shimmering altar of Xom.
   740 | D:1      | Reached XP level 3. HP: 19/22 MP: 3/3
  1371 | D:2      | Reached XP level 4. HP: 17/27 MP: 4/4
  1639 | D:2      | Reached skill level 1 in Armour
  1665 | D:2      | Found a deep blue altar of Sif Muna.
  1666 | D:2      | Found an ornate altar of the Wu Jian Council.
  1667 | D:2      | Found an ancient bone altar of Kikubaaqudgha.
  1667 | D:2      | Found a snail-covered altar of Cheibriados.
  1668 | D:2      | Found a blossoming altar of Fedhas.
  1671 | D:2      | Found a shattered altar of Ashenzari.
  2440 | D:2      | Reached skill level 6 in Stealth
  2440 | D:2      | Reached XP level 5. HP: 20/32 MP: 5/5
  2648 | D:3      | Noticed Sigmund
  2651 | D:3      | Noticed an orc warrior
  3295 | D:2      | Killed an orc warrior
  3295 | D:2      | Reached XP level 6. HP: 20/37 MP: 6/6
  3879 | D:3      | Killed Sigmund
  3879 | D:3      | Reached XP level 7. HP: 36/43 MP: 7/7
  4001 | D:3      | Found a basalt altar of Yredelemnul.
  4094 | D:4      | Reached skill level 5 in Short Blades
  4094 | D:4      | Reached skill level 7 in Stealth
  4340 | D:4      | Noticed Menkaure
  4343 | D:4      | Killed Menkaure
  4343 | D:4      | Reached XP level 8. HP: 48/48 MP: 8/8
  4765 | D:4      | Found a staircase to the Ecumenical Temple.
  4788 | Temple   | Entered the Ecumenical Temple
  4982 | Temple   | Became a worshipper of Dithmenos the Shadowed
  5033 | D:5      | Entered Level 5 of the Dungeon
  5448 | D:5      | Reached skill level 5 in Fighting
  5448 | D:5      | Reached skill level 5 in Dodging
  5658 | D:5      | Reached skill level 8 in Stealth
  6105 | D:6      | Reached XP level 9. HP: 54/54 MP: 9/9
  6183 | D:6      | Found a stormy altar of Qazlal.
  6300 | D:6      | Reached * piety under Dithmenos
  6652 | D:7      | Found a hazy altar of Hepliaklqana.
  6735 | D:6      | Reached skill level 9 in Stealth
  7024 | D:7      | Found Ryceawkuq's Gadget Boutique.
  7400 | D:7      | Noticed a hornet
  7400 | D:7      | Noticed a deep elf mage
  7420 | D:7      | Noticed an orange demon
  7425 | D:7      | Killed a hornet
  7932 | D:7      | Reached XP level 10. HP: 53/61 MP: 10/10
  8136 | D:7      | Killed a deep elf mage
  8136 | D:7      | Reached skill level 5 in Armour
  8136 | D:7      | Reached skill level 10 in Stealth
  8398 | D:8      | Found a deep blue altar of Sif Muna.
  8570 | D:8      | Noticed Erica
  8616 | D:8      | Killed Erica
  8627 | D:8      | Reached ** piety under Dithmenos
  9091 | D:8      | Noticed Gastronok
  9111 | D:8      | Killed Gastronok
  9111 | D:8      | Reached skill level 11 in Stealth
  9111 | D:8      | Reached XP level 11. HP: 42/69 MP: 11/11
  9276 | D:8      | Noticed Harold
  9280 | D:8      | Killed Harold
  9280 | D:8      | Reached skill level 10 in Short Blades
  9294 | D:8      | Noticed Psyche
  9297 | D:8      | Killed Psyche
  9315 | D:8      | Noticed Pikel
  9355 | D:8      | Killed Pikel
 10009 | D:9      | Reached skill level 12 in Stealth
 10384 | D:9      | Reached *** piety under Dithmenos
 10807 | D:10     | Entered Level 10 of the Dungeon
 10903 | D:10     | Found a glowing silver altar of Zin.
 10953 | D:10     | Reached XP level 12. HP: 32/76 MP: 12/12
 11331 | D:10     | Found Cozor's Assorted Antiques.
 11393 | D:10     | Found a staircase to the Orcish Mines.
 11409 | D:10     | Reached skill level 10 in Dodging
 12115 | D:10     | Reached **** piety under Dithmenos
 12508 | D:10     | Learned a level 2 spell: Ensorcelled Hibernation
 12603 | D:10     | Found a staircase to the Lair.
 12939 | D:10     | Found Duvigret's Jewellery Boutique.
 12945 | D:10     | Bought the ring "Ticsaps" {+Fly rElec Stlth+} for 504 gold
                  | pieces
 13188 | D:11     | Noticed a five-headed hydra
 13189 | D:11     | Killed a five-headed hydra
 13189 | D:11     | Reached skill level 1 in Spellcasting
 13189 | D:11     | Reached skill level 1 in Hexes
 13189 | D:11     | Reached skill level 1 in Ice Magic
 13312 | D:11     | Reached skill level 13 in Stealth
 13616 | D:11     | Noticed a two-headed ogre
 13618 | D:11     | Killed a two-headed ogre
 13788 | D:11     | Found a deep blue altar of Sif Muna.
 14067 | D:11     | Reached skill level 10 in Fighting
 14313 | Lair:1   | Entered Level 1 of the Lair of Beasts
 14453 | Lair:1   | Noticed Fannar
 14456 | Lair:1   | Killed Fannar
 15231 | Lair:2   | Reached XP level 13. HP: 82/82 MP: 16/16
 16581 | Lair:3   | Found a staircase to the Snake Pit.
 18513 | Lair:4   | Noticed a six-headed hydra
 20276 | Lair:4   | Found a staircase to the Shoals.
 20692 | Lair:4   | Splashed by an oklob plant's acid

Vault maps used:
D:1:      minmay_arrival_pointy, minivault_26, roderic_lattice_a, st_stairs_4,
          xom_teletrap_fun
D:2:      minitemple, kennysheep_generic_room_5
D:3:      lemuel_zombie_altar_yredelemnul, uniq_sigmund
D:4:      temple_hall, first_ration, abandoned_shop, uniq_menkaure
D:5:      st_stairs_1
D:6:      nicolae_qazlal_general_emergency, kennysheep_nub,
          minmay_misc_feat_diagonals, kennysheep_generic_room_13
D:7:      minmay_blocky_corners, overflow_temple_1_default, serial_shops,
          nicolae_shop_trees
D:8:      basic_altar, uniq_harold, uniq_gastronok, uniq_erica, uniq_psyche,
          uniq_pikel
D:9:      grunt_livestock, minivault_7
D:10:     erik_lair_orcish_takeover, kennysheep_orc_monster_closet_entryway,
          serial_shops, nicolae_shop_stone, shop_fountains, basic_altar
D:11:     hangedman_decor_points, david_defended_altar_elf
Temple:   nicolae_temple_figure_eight
Lair:1:   uniq_fannar
Lair:2:   minivault_25, beast_lair_carwin_2, lemuel_fruit_fields
Lair:3:   guppyfry_snake_entry_garden, grunt_megastairs_1, serial_bayou_shore_a
Lair:4:   elwin_shoals_entry_rocks, roderic_carrion_pond

Skill      XL: |  1  2  3  4  5  6  7  8  9 10 11 12 13 |
---------------+----------------------------------------+-----
Short Blades   | 3 4 5 6 8 9 10 11 12 | 12.4
Dodging        | 2 3 4 5 7 8 9 10 11 | 11.2
Armour         | 1 2 3 4 6 7 8 |  8.0
Fighting       | 3 4 5 6 8 9 10 | 10.7
Stealth        | 6 7 8 9 11 12 13 | 13.9
Spellcasting   | 2 4 |  4.2
Hexes          | 2 4 |  4.1
Ice Magic      | 2 4 |  4.1
Throwing       | |  2.1

Action                   |  1- 3 |  4- 6 |  7- 9 | 10-12 | 13-15 || total
-------------------------+-------+-------+-------+-------+-------++-------
Melee: Dagger            |    81 |   202 |   689 |  1036 |   569 ||  2577
 Fire: Blowgun           |       |     9 |     4 |    15 |    15 ||    43
 Cast: Ensorcelled Hiber |       |       |       |       |    23 ||    23
Evoke: Wand              |       |       |     3 |       |       ||     3
  Use: Scroll            |     1 |       |     1 |     9 |     2 ||    13
       Potion            |       |       |     1 |     3 |     6 ||    10
 Stab: Sleeping          |     5 |     8 |    19 |    57 |    24 ||   113
       Distracted        |       |     1 |       |     2 |       ||     3
  Eat: Chunk             |     6 |    12 |    12 |    24 |    18 ||    72
Armor: Robe              |    16 |    49 |    73 |    60 |    19 ||   217
Dodge: Dodged            |    54 |   121 |   434 |   709 |   478 ||  1796

Table legend:
 A = Non-vault XP
 B = Vault XP
 C = Vault XP percentage of total XP
 D = Non-vault monster count
 E = Vault monster count
 F = Vault count percentage of total count
                 A         B        C        D         E       F
            +---------+---------+-------+---------+---------+-------
      Total |   25881 |   15123 |  36.9 |     290 |      92 |  24.1
            +---------+---------+-------+---------+---------+-------
        D:1 |      27 |       2 |   6.9 |      14 |       2 |  12.5
        D:2 |     243 |       2 |   0.8 |      28 |       2 |   6.7
        D:3 |     151 |     210 |  58.2 |      29 |       3 |   9.4
        D:4 |     352 |     172 |  32.8 |      11 |       1 |   8.3
        D:5 |     652 |      44 |   6.3 |      17 |       1 |   5.6
        D:6 |     647 |       5 |   0.8 |      17 |       2 |  10.5
        D:7 |    1281 |    1283 |  50.0 |      21 |       7 |  25.0
        D:8 |    1513 |    5193 |  77.4 |      30 |       5 |  14.3
        D:9 |     966 |    2346 |  70.8 |      16 |      23 |  59.0
       D:10 |    2093 |    2468 |  54.1 |      27 |      29 |  51.8
       D:11 |    4036 |     554 |  12.1 |      16 |       1 |   5.9
     Lair:1 |     991 |     991 |  50.0 |       4 |       1 |  20.0
     Lair:2 |    5543 |     722 |  11.5 |      23 |       6 |  20.7
     Lair:3 |    2259 |     655 |  22.5 |       9 |       5 |  35.7
     Lair:4 |    5127 |     476 |   8.5 |      28 |       4 |  12.5
            +---------+---------+-------+---------+---------+-------
